 Dungeon Crawl Stone Soup version 0.17.2-1-ge4368a0 (webtiles) character file.

100 magog001 the Charmwright (level 4, -1/30 HPs)
             Began as a High Elf Skald on Oct 3, 2016.
             Slain by a gnoll
             ... wielding a +0 spear
              (7 damage)
             ... on level 2 of the Dungeon.
             The game lasted 00:15:17 (2429 turns).

magog001 the Charmwright (High Elf Skald)           Turns: 2429, Time: 00:15:17

Health: -1/30      AC:  5    Str: 12    XL:     4   Next: 46%
Magic:  7/8        EV: 11    Int: 16    God:
Gold:   130        SH:  0    Dex: 14    Spells: 3 memorised, 3 levels left

rFire  . . .     SeeInvis .     g - +1 hand axe (freeze)
rCold  . . .     Clarity  .     i - +0 ring mail
rNeg   + . .     SustAt   .     (no shield)
rPois  .         Gourm    +     (no helmet)
rElec  .         Spirit   .     (no cloak)
rCorr  .         Warding  .     (no gloves)
rMut   .         Stasis   .     (no boots)
MR     .....                    o - amulet of the gourmand
Stlth  +.........               (no ring)
                                f - ring of positive energy

@: singing, not resistant to hostile enchantments, very unstealthy
A: no striking features
a: Stop Singing


You were on level 2 of the Dungeon.
You were not hungry.

You visited 1 branch of the dungeon, and saw 3 of its levels.

You collected 130 gold pieces.

Inventory:

Hand Weapons
 g - a +1 hand axe of freezing (weapon)
Missiles
 d - 7 tomahawks (quivered)
 m - 18 poisoned needles
 n - 12 bolts
Armour
 i - a +0 ring mail (worn)
Jewellery
 f - a ring of positive energy (left hand)
 o - an amulet of the gourmand (around neck)
Potions
 k - a potion of brilliance
Books
 c - a book of Battle

   Spells                             Type                      Level
   a - Infusion                       Charms                       1
   b - Shroud of Golubria             Charms/Translocation         2
   c - Song of Slaying                Charms                       2
   d - Spectral Weapon                Hexes/Charms                 3
   e - Regeneration                   Charms/Necromancy            3


   Skills:
 + Level 2.4 Fighting
   Level 2.9 Long Blades
 + Level 1.0 Axes
 + Level 1.8 Armour
 + Level 1.7 Dodging
 + Level 2.6 Spellcasting
 + Level 4.6 Charms


You had 3 spell levels left.
You knew the following spells:

 Your Spells              Type           Power        Failure   Level  Hunger
a - Infusion              Chrm           ###...       10%         1    #......
b - Shroud of Golubria    Chrm/Tloc      #.........   30%         2    ##.....
c - Song of Slaying       Chrm           ###.....     12%         2    ##.....


Dungeon Overview and Level Annotations

Branches:
Dungeon (3/15)

Altars:
Fedhas
Vehumet
Xom


Message History

You hit the gnoll. You freeze the gnoll.
You kill the gnoll!
The gnoll hits you from afar with a spear.
* * * LOW HITPOINT WARNING * * *
The gnoll barely misses you.
You hit the gnoll. You freeze the gnoll.
The gnoll is lightly wounded.
The gnoll hits you but does no damage. The gnoll barely misses you.
The gnoll misses you.
You hit the gnoll. You freeze the gnoll.
The gnoll is moderately wounded.
The gnoll hits you with a whip.
* * * LOW HITPOINT WARNING * * *
The gnoll hits you but does no damage.
You barely miss the gnoll.
The gnoll is moderately wounded.
The gnoll hits you with a whip.
* * * LOW HITPOINT WARNING * * *
The gnoll hits you from afar with a spear!
You die...

.................#
#...#...#...#...###
%...........g.....#
#...#...#...#g..#.#
......(.....g.g...#
#################.#
,,,,,,,,* #.g#
*,,****,* #g## ****
*,* #@# *.###* #.#
*,...**###.##
####*****#..*#....#
....,,,.###.##....#
####***....)......#
*#####......#
##.....# ##########
##...)#
##........##


You could see 2 gnolls.

Vanquished Creatures
  Ijyb (D:2)
  2 gnolls (D:2)
  2 adders (D:2)
  A worm (D:1)
  A giant cockroach (D:1)
  5 goblins
  2 hobgoblins
  4 jackals (D:2)
  5 kobolds
  A quokka (D:2)
  3 ball pythons
  4 bats
  5 giant newts
  A rat (D:2)
37 creatures vanquished.

Notes
Turn   | Place    | Note
--------------------------------------------------------------
     0 | D:1      | magog001 the High Elf Skald began the quest for the Orb.
     0 | D:1      | Reached XP level 1. HP: 14/14 MP: 4/4
   219 | D:3      | Reached skill level 4 in Charms
   429 | D:1      | Reached XP level 2. HP: 19/19 MP: 6/6
  1451 | D:2      | Reached skill level 1 in Armour
  1695 | D:2      | Found a shimmering altar of Xom.
  1713 | D:2      | Found a radiant altar of Vehumet.
  1770 | D:2      | Reached XP level 3. HP: 21/25 MP: 7/7
  1783 | D:2      | Noticed Ijyb
  1803 | D:2      | Killed Ijyb
  2104 | D:2      | Reached XP level 4. HP: 30/30 MP: 8/8
  2341 | D:2      | Learned a level 2 spell: Shroud of Golubria
  2344 | D:2      | Learned a level 2 spell: Song of Slaying
  2387 | D:2      | Reached skill level 1 in Axes
  2401 | D:2      | Found a blossoming altar of Fedhas.
  2429 | D:2      | Slain by a gnoll

Action                   |  1- 3 |  4- 6 || total
-------------------------+-------+-------++-------
Melee: Falchion          |    16 |       ||    16
       Hand axe          |    70 |    35 ||   105
 Cast: Infusion          |     5 |       ||     5
       Song of Slaying   |       |     2 ||     2
       Shroud of Golubri |       |     1 ||     1
  Use: Potion            |     2 |       ||     2
       Scroll            |       |     3 ||     3
  Eat: Bread ration      |     1 |       ||     1
       Chunk             |       |     6 ||     6
